[Event "NJSK 2021 Jeugd C"]
[Site "Almelo, Netherlands"]
[Date "2021.08.01"]
[Round "1.1"]
[White "Labruyere, Roger"]
[Black "Blom, Rens"]
[Result "1-0"]
[TimeControl "90min + 30sec/move"]
[WhiteElo "2003"]
[BlackElo "1650"]

1. e4 d6 2. d4 Nf6 3. Nc3 g6 4. g3 Bg7 5. Bg2 O-O 6. Nge2 e5 7. O-O Nc6 8. dxe5 dxe5 9. Nd5 Nxd5 10.
exd5 Nd4 11. c3 Nxe2+ 12. Qxe2 f5 13. b3 e4 14.
Qd2 Re8 15. Bb2 Qf6 16. Rab1 b6 17. c4 Qd6 18. Bxg7 Kxg7 19. b4 Bb7 20. Rfd1 Rad8 21. c5 Qe5 22. d6 Re6 23. Qg5 Rd7 24. Qc1 cxd6 25. c6 Bxc6 26. Qxc6 Ree7 27. Rd5 Qf6 28. Rbd1 Qb2 29. Rxd6 Rc7 30. Qd5 Qe2 31. Qd4+ Kg8 32. Qf6 1-0

[Event "NJSK 2021 Jeugd C"]
[Site "Almelo, Netherlands"]
[Date "2021.08.01"]
[Round "1.2"]
[White "Katpatal, Akshaj"]
[Black "De Winter, Arthur"]
[Result "0-1"]
[TimeControl "90min + 30sec/move"]
[WhiteElo "1650"]
[BlackElo "2000"]

1. e4 c5 2. Nf3 Nc6 3. c3 Nf6 4. d3 g6 5. Be3 d6 6. Nbd2 Bg7 7. Be2 O-O 8. O-O e5 9. h3 Be6 10.
d4 cxd4 11. cxd4 d5 12. exd5 Nxd5 13. dxe5 Nxe3 14. fxe3 Nxe5 15. Nxe5 Bxe5 16. Nf3 Qb6 17. Qd3 Bf5 18. Qd2 Rad8 19. Qe1 Bxb2 20. Rd1 Qxe3+ 21. Kh1 Bc3 22. Qf2 Qxf2 23. Rxf2 Rxd1+ 24. Bxd1 Be6 25. Ng5 Bd5 26. Bf3 Bxf3 27. Rxf3 Be5 28. Ne4 Rd8 29. Rf1 Rd3 30.
Nc5 Ra3 31. Nxb7 Rxa2 32. Nc5 a5 33. Re1 Bg3 34. Rb1 a4 35. Na6 a3 36. h4 Rb2 37. Ra1 a2 38. Nc5 Rb1+ 39. Rxb1 axb1=Q# 0-1

[Event "NJSK 2021 Jeugd C"]
[Site "Almelo, Netherlands"]
[Date "2021.08.01"]
[Round "1.3"]
[White "Verheij, Dana"]
[Black "Kien, Lancelot"]
[Result "1-0"]
[TimeControl "90min + 30sec/move"]
[WhiteElo "1931"]
[BlackElo "1650"]

1. e4 e5 2. Nf3 Nc6 3. Bc4 Bc5 4. c3 Nf6 5. d4 exd4 6. e5 d5 7. Bb5 Ne4 8. cxd4 Bb6 9. O-O O-O 10.
Bxc6 bxc6 11. Qc2 c5 12. dxc5 Bxc5 13. Nc3 Nxc3 14. Qxc3 Bb6 15. Bg5 Qe8 16. Rfd1 c6 17. a4 a5 18.
Rac1 Bb7 19. Nh4 Qd7 20. Qf3 c5 21. Nf5 d4 22. Qf4 Rfe8 23. Nxg7 Qd5 24. f3 Rxe5 25. Nh5 Bd8 26. Nf6+ Bxf6 27.
Bxf6 Re6 28. Qh6 Rxf6 29. Qxf6 Qb3 30. Qg5+ Kf8 31. Qxc5+ 1-0

[Event "NJSK 2021 Jeugd C"]
[Site "Almelo, Netherlands"]
[Date "2021.08.01"]
[Round "1.4"]
[White "Kurt, Sascha"]
[Black "Smeets, Kobe"]
[Result "1/2-1/2"]
[TimeControl "90min + 30sec/move"]
[WhiteElo "1650"]
[BlackElo "1897"]

1. e4 c5 2. Nf3 e6 3. d4 cxd4 4. Nxd4 Nc6 5. Nc3 Qc7 6. Be3 a6 7. Qf3 Ne5 8. Qg3 h5 9. O-O-O h4 10.
Qh3 Bb4 11. Bf4 d6 12. Be2 Nf6 13. Qe3 Bxc3 14. bxc3 Qb6 15. f3 Qa5 16. Kb2 Bd7 17. Nb3 Qc7 18. Rd2 Bb5 19. Bxe5 dxe5 20. Bxb5+ axb5 21. Qc5 Qxc5 22.
Nxc5 1/2-1/2

[Event "NJSK 2021 Jeugd C"]
[Site "Almelo, Netherlands"]
[Date "2021.08.01"]
[Round "1.5"]
[White "Bakija, Alan"]
[Black "Pancharajah, Abisan"]
[Result "1-0"]
[TimeControl "90min + 30sec/move"]
[WhiteElo "1870"]
[BlackElo "1650"]

1. c4 Nf6 2. Nf3 g6 3. d4 Bg7 4. g3 O-O 5. Bg2 d6 6. Nc3 Nbd7 7. O-O a5 8. e4 c5 9. h3 Rb8 10. Be3 b6 11. d5 Ba6 12.
Nd2 Ne5 13. Qe2 Qe8 14. f4 Ned7 15. Kh2 Kh8 16. Nf3 e5 17. f5 gxf5 18. exf5 e4 19. Nd2 Ne5 20. b3 Nf3+ 21. Nxf3 exf3 22. Qxf3 Qd7 23. g4 Rbe8 24.
g5 Ng4+ 25. hxg4 Bxc3 26. Rac1 Be5+ 27. Bf4 Bc8 28. Kg3 Qe7 29. f6 Bxf4+ 30. Qxf4 Qe3+ 31. Bf3 Rg8 32. Qxe3 Rxe3 33. Kf4 Rge8 34.
Rh1 R3e5 35. Rh6 Rg8 36. Rch1 Rg7 37. fxg7+ Kg8 38. Rxh7 Bf5 39. gxf5 Rxf5+ 40. Kxf5 f6 41. Rh8+ Kf7 42. g6+ Ke7 43. Re1+ Kd7 44.
Rhe8 1-0

[Event "NJSK 2021 Jeugd C"]
[Site "Almelo, Netherlands"]
[Date "2021.08.01"]
[Round "1.6"]
[White "Sazonov, Fedor"]
[Black "Kumar, Prajit Sai"]
[Result "0-1"]
[TimeControl "90min + 30sec/move"]
[WhiteElo "1650"]
[BlackElo "1811"]

1. d4 d5 2. c4 c6 3. Nc3 Nf6 4.
Bf4 e6 5. e3 Nbd7 6. Nf3 Be7 7. Be2 dxc4 8. Bxc4 b5 9. Bd3 Bb7 10. O-O O-O 11. Rc1 Rc8 12. Ne4 Nxe4 13. Bxe4 Nf6 14. Bd3 Qb6 15. Qb3 Rfd8 16.
Rfd1 a6 17. Be2 c5 18. dxc5 Bxc5 19. Ne5 Nd5 20. Bg3 Nxe3 21.
Rd7 Rxd7 22. Nxd7 Qc6 23. Bf3 Qxd7 24. Bxb7 Qxb7 25. fxe3 Qd5 26. Kf1 Qf5+ 27. Bf2 Rd8 28. Qc2 Qxc2 29.
Rxc2 Bb4 30. a3 Be7 31. Ke2 Kf8 32. e4 Ke8 33. Rc7 Rd7 34. Rc8+ Rd8 35. Rc7 Bg5 36. Be3 Bxe3 37. Kxe3 e5 38.
Rc6 Ra8 39. Rb6 Ra7 40. Rb8+ Kd7 41. Rg8 g6 42. Rg7 Ke6 43. Rxh7 Rc7 44. Kd2 Rd7+ 45. Ke2 Rd4 46. Rh4 b4 47.
a4 b3 48. Rh3 Rxe4+ 49. Kf2 Rb4 50. a5 Rb5 51. Rc3 Kd5 52. Ke3 f5 53. h4 Rxa5 54. Rxb3 Rb5 55. Rd3+ Kc4 56. Rc3+ Kd5 57.
Rd3+ Ke6 58. b3 Rb4 59. g3 a5 60. Rc3 Kd5 61. Rd3+ Rd4 62. Rc3 Rg4 63. Kf2 f4 64. gxf4 exf4 65.
Rh3 Rg3 66. Rxg3 fxg3+ 67. Kxg3 Kc5 68. Kg4 Kb4 69. Kg5 Kxb3 70. Kxg6 a4 71. h5 a3 72. h6 a2 73. h7 a1=Q 74.
Kf7 Qh8 0-1

[Event "NJSK 2021 Jeugd C"]
[Site "Almelo, Netherlands"]
[Date "2021.08.01"]
[Round "1.7"]
[White "Dekker, Thiemen"]
[Black "Zecha, Oscar"]
[Result "1-0"]
[TimeControl "90min + 30sec/move"]
[WhiteElo "1806"]
[BlackElo "1650"]

1. e4 c5 2. Nf3 d6 3. d4 cxd4 4. Nxd4 Nf6 5. Nc3 a6 6. Be2 e5 7. Nb3 Be7 8. Be3 Be6 9. f3 Nbd7 10.
Qd2 O-O 11. O-O-O b5 12. g4 Nb6 13. g5 Nh5 14. Rhg1 Nc4 15. Bxc4 bxc4 16. Nd4 exd4 17. Qxd4 g6 18. f4 Qa5 19.
Rdf1 f5 20. gxf6 Rxf6 21. f5 Bf7 22. Bg5 Rb8 23. Bxf6 Bxf6 24. fxg6 Bxd4 25. gxf7+ Kf8 26. Rg8+ Ke7 27. Rxb8 Bg7 28.
Rf5 Qxf5 29. exf5 Kxf7 30. Ne4 Bh6+ 31. Kd1 Bf4 32. Rb7+ Kg8 33. h4 d5 34. Ng5 Nf6 35. Ne6 Be5 36.
c3 Ne4 37. Ra7 Nf2+ 38. Kc2 Nd3 39. Rxa6 Ne1+ 40. Kb1 Nf3 41. Ra8+ Kf7 42. Ng5+ Nxg5 43. hxg5 Bf4 44. g6+ hxg6 45.
fxg6+ Kxg6 46. Rd8 Be3 47. Rxd5 Kf6 48. a4 Ke6 49. Rd8 Bb6 50. Rb8 Ba5 51. Rb5 Bd8 52. Rc5 Kd6 53. Rxc4 Bb6 54.
b4 Kd5 55. Rc8 Kd6 56. a5 Bf2 57. b5 Kd7 58. Rc4 Bg3 59. b6 Bh2 60. a6 Bb8 61. a7 Be5 62. a8=Q Ke6 63. Re4 Kf5 64.
Qd5 Kf6 65. Qxe5+ Kg6 66. Rg4+ Kf7 67. Rg7+ Kf8 68. Qe7# 1-0

[Event "NJSK 2021 Jeugd C"]
[Site "Almelo, Netherlands"]
[Date "2021.08.01"]
[Round "1.8"]
[White "Ramdien, Steven"]
[Black "Arnold, Rhys"]
[Result "0-1"]
[TimeControl "90min + 30sec/move"]
[WhiteElo "1589"]
[BlackElo "1748"]

1. e4 c5 2. Nf3 e6 3. d4 cxd4 4. Nxd4 Nf6 5.
Nc3 Nc6 6. Be3 Bb4 7. f3 d5 8. Bd3 dxe4 9. Bxe4 Nxe4 10. fxe4 Bxc3+ 11. bxc3 Qh4+ 12. g3 Qxe4 13. Qf3 Qxf3 14.
Nxf3 O-O 15. Nd4 e5 16. Nxc6 bxc6 17. O-O Be6 18. a3 a6 19. Bc5 Rfd8 20. Rab1 Bc4 21. Rfe1 f6 22. Rb7 Rd2 23.
Re7 Rad8 24. Rb1 Rd1+ 25. Rxd1 Rxd1+ 26. Kg2 Rd2+ 27. Kh3 Bf1+ 28. Kg4 h5+ 29. Kf5 Rxc2 30. Re8+ Kh7 31. Ke6 Kg6 32.
Bf8 Rd2 33. Ra8 Bh3+ 34. Ke7 Bf1 35. Ra7 Rxh2 36. Kd6 Rc2 37. Rxg7 Kf5 38. Ke7 Bc4 39. Rh7 Rxc3 40. Rxh5+ Kg4 41.
Rh6 f5 42. Kf6 f4 43. gxf4 exf4 44. Ke5 Bd5 45. Rg6+ Kf3 46. Rf6 Re3+ 47. Kd4 Re4+ 48. Kd3 Bc4+ 49. Kd2 Bb5 50. Bd6 Rd4+ 51.
Ke1 Ba4 0-1

[Event "NJSK 2021 Jeugd C"]
[Site "Almelo, Netherlands"]
[Date "2021.08.01"]
[Round "1.9"]
[White "Ponomarev, Ivan"]
[Black "Krylov, Philippe"]
[Result "1-0"]
[TimeControl "90min + 30sec/move"]
[WhiteElo "1723"]
[BlackElo "1339"]

1. e4 c6 2. d4 d5 3. e5 Bf5 4. Bd3 Bxd3 5. Qxd3 e6 6. Nc3 Nd7 7. Nf3 h6 8. O-O Ne7 9. Ne2 Qb6 10.
Ng3 Ng6 11. c3 c5 12. Kh1 cxd4 13. cxd4 Rc8 14.
Be3 Be7 15. Nd2 O-O 16. Rab1 Rc6 17. f4 Qa6 18. Qxa6 Rxa6 19. a3 Bh4 20. Ne2 Ne7 21. g4 Rc6 22. Nf3 g5 23. Nxh4 gxh4 24.
f5 Kh7 25. f6 Ng6 26. Rf3 Nb6 27. Rh3 Nc4 28. Bc1 Rfc8 29. b3 Na5 30. Be3 Rc2 31. Re1 Nxb3 32. Bxh6 Kxh6 33. Rxb3 b6 34.
Kg1 Kg5 35. h3 R8c4 36. Kf1 Nf8 37. Rd3 Nd7 38. Kf2 Nb8 39. Ke3 Nc6 40. Red1 Nxe5 41. Rb3 Nd7 42. Ng1 R4c3+ 43. Rd3 Rxd3+ 44. Rxd3 Nxf6 45. Nf3+ Kh6 46. g5+ Kg6 47. gxf6 Kxf6 48. Kf4 Re2 49. Re3 Rc2 50. Kg4 Rc4 51. Rd3 Rc8 52. Ne5 Rg8+ 53. Kf4 Rg3 54. Rxg3 hxg3 55.
Kxg3 b5 56. Kf4 Kg7 57. Nc6 a6 58. h4 f6 59. Nd8 e5+ 60. dxe5 fxe5+ 61. Kxe5 a5 62. Nc6 b4 63. Nxb4 1-0

[Event "NJSK 2021 Jeugd C"]
[Site "Almelo, Netherlands"]
[Date "2021.08.01"]
[Round "1.10"]
[White "Lopes, Samuel"]
[Black "Ekker, Joshua"]
[Result "0-1"]
[TimeControl "90min + 30sec/move"]
[WhiteElo "1124"]
[BlackElo "1695"]

1. e4 e5 2. Nf3 Nc6 3. d4 exd4 4. Bc4 Nf6 5. e5 Ng4 6. Bxf7+ Kxf7 7. Ng5+ Kg8 8. Qxg4 h6 9. Nf3 d6 10.
Qf4 dxe5 11. Nxe5 Qe8 12. O-O Qxe5 13. Qxe5 Nxe5 14. f4 Nc6 15. c3 Bc5 16. Kh1 Bf5 17. b4 Bb6 18. Bb2 d3 19.
Nd2 Re8 20. Rae1 Kf7 21. Nf3 Rxe1 22. Rxe1 Re8 23. Rxe8 Kxe8 24. Bc1 Ne7 25. h3 Nd5 26. Bd2 Be3 27. Be1 Bxf4 28. Kg1 Be4 29.
Nd2 Nxc3 30. Nxe4 Nxe4 31. g3 d2 32. Bxd2 Bxd2 33. b5 Nxg3 34. a4 c5 35. bxc6 bxc6 36. h4 c5 37. h5 c4 38.
Kf2 c3 39. a5 c2 40. a6 c1=Q 41. Kg2 Qf1+ 42. Kh2 Qxa6 43. Kxg3 Qd3+ 44. Kf2 a5 45. Kg2 a4 46. Kf2 a3 47.
Kg2 a2 48. Kh2 a1=Q 49. Kg2 Qaf1+ 50. Kh2 Qdh3# 0-1

[Event "NJSK 2021 Jeugd C"]
[Site "Almelo, Netherlands"]
[Date "2021.08.01"]
[Round "1.11"]
[White "Madularea, David"]
[Black "Aravindhan, Achyuth"]
[Result "1-0"]
[TimeControl "90min + 30sec/move"]
[WhiteElo "1656"]
[BlackElo "1031"]

1. c4 c5 2. Nc3 d6 3. Nf3 Nf6 4. e3 g6 5. d4 cxd4 6. exd4 Bg7 7. Bd3 O-O 8. O-O Nc6 9. d5 Nb4 10.
Bb1 a5 11. h3 b6 12. Re1 Ba6 13. a3 Bxc4 14. axb4 axb4 15. Rxa8 Qxa8 16. b3 Bxb3 17. Qxb3 bxc3 18. Ba2 Qa7 19. Be3 Ra8 20. Re2 Qa6 21.
Rc2 b5 22. Nd4 Rb8 23. Rxc3 Ne4 24. Rc6 Qa5 25. Qc2 Nc5 26. Nf3 Ra8 27. Bb1 Nd7 28. Nd4 Qe1+ 29. Kh2 Be5+ 30. g3 b4 31.
Nf3 Qf1 32. Rc8+ Rxc8 33. Qxc8+ Nf8 34. Nxe5 dxe5 35. Be4 Kg7 36. Bh6+ Kxh6 37. Qxf8+ Kh5 38. Bf3+ Kg5 39. Qxe7+ Kf5 40.
g4+ Kf4 41. Qf6# 1-0

[Event "NJSK 2021 Jeugd C"]
[Site "Almelo, Netherlands"]
[Date "2021.08.01"]
[Round "1.12"]
[White "Lankheet, Hidde"]
[Black "Kumar, Prayan Sai"]
[Result "0-1"]
[TimeControl "90min + 30sec/move"]
[WhiteElo "1000"]
[BlackElo "1652"]

1. e4 c6 2. d4 d5 3. e5 Bf5 4.
h4 h5 5.
Nf3 e6 6. Bd3 Bxd3 7. Qxd3 Nd7 8.
Nbd2 Ne7 9. Nb3 a5 10. Bd2 a4 11. Nc1 Qc7 12. a3 c5 13. c3 Nc6 14. Ne2 Na5 15. Qe3 Nc4 16. Qf4 Nxb2 17. O-O Nc4 18. Rfb1 Na5 19. Rb2 Nb3 20. Rab1 c4 21.
Nc1 Bxa3 22. Ra2 Bxc1 23. Bxc1 Ra6 24. Ne1 Rb6 25. Rxa4 Nxd4 26. Ra8+ Nb8 27. Rxb6 Ne2+ 28. Kf1 Nxf4 29.
Bxf4 Ke7 30. Be3 Re8 31. Bc5+ Qxc5 32. Rxb7+ Nd7 33. Raa7 Rd8 34. Rc7 Qb5 35. Nc2 Qb1+ 36. Ne1 Qc1 37.
Rcb7 0-1

[Event "NJSK 2021 Jeugd C"]
[Site "Almelo, Netherlands"]
[Date "2021.08.02"]
[Round "2.1"]
[White "Arnold, Rhys"]
[Black "Labruyere, Roger"]
[Result "0-1"]
[TimeControl "90min + 30sec/move"]
[WhiteElo "1748"]
[BlackElo "2003"]

1. e4 c6 2. Nc3 d5 3. Nf3 Bg4 4. h3 Bxf3 5. Qxf3 e6 6. d4 dxe4 7. Qxe4 Nf6 8. Qe3 Be7 9. Bd3 Nbd7 10. O-O O-O 11. Ne4 Nxe4 12. Qxe4 Nf6 13. Qe3 Re8 14. a3 Qd7 15. b4 a5 16. c3 axb4 17. cxb4 Bxb4 18. Rb1 Bf8 19. Ra1 Bb4 20. Rb1 Bf8 21. Bb2 Nd5 22. Qf3 g6 23. h4 Qc7 24. Bc4 b5 25. Bb3 Qd7 26.
h5 Bxa3 27. Bxa3 Rxa3 28. Qe4 Nc3 29. Qe5 Nxb1 30. h6 f6 0-1

[Event "NJSK 2021 Jeugd C"]
[Site "Almelo, Netherlands"]
[Date "2021.08.02"]
[Round "2.2"]
[White "De Winter, Arthur"]
[Black "Dekker, Thiemen"]
[Result "1-0"]
[TimeControl "90min + 30sec/move"]
[WhiteElo "2000"]
[BlackElo "1806"]

1. e4 e5 2. Nf3 Nc6 3. Bb5 f5 4. d3 fxe4 5. dxe4 Nf6 6. O-O Bc5 7. Bg5 d6 8. Nc3 O-O 9. Nd5 Kh8 10.
Bc4 Bg4 11. Nxf6 gxf6 12. Bh6 Nd4 13. Bxf8 Nxf3+ 14. gxf3 Bh3 15. Kh1 Qxf8 16. Qd2 Bxf1 17. Rxf1 f5 18. Rg1 fxe4 19. Rg8+ Qxg8 20.
Bxg8 Rxg8 21. fxe4 Rf8 22. Qg5 Rxf2 23. Qd8+ Kg7 24. Qxc7+ Rf7 25. Qc8 Rf1+ 26. Kg2 Rf2+ 27. Kg3 Rxc2 28.
Qxb7+ Kg6 29. Qb3 Rc1 30. Qg8+ Kh6 31. Qf8+ Kg6 32. Qf5+ Kh6 33. Kh4 Rg1 34. Qf8+ Kg6 35. b4 Be3 36.
Qxd6+ Kf7 37. Qd7+ Kg6 38. Qe6+ Kg7 39. Qxe5+ 1-0

[Event "NJSK 2021 Jeugd C"]
[Site "Almelo, Netherlands"]
[Date "2021.08.02"]
[Round "2.3"]
[White "Ekker, Joshua"]
[Black "Verheij, Dana"]
[Result "1-0"]
[TimeControl "90min + 30sec/move"]
[WhiteElo "1695"]
[BlackElo "1931"]

1. e4 c5 2. Nf3 d6 3. d4 cxd4 4.
Nxd4 Nf6 5. Nc3 a6 6. Be3 e5 7. Nb3 Be7 8. f3 Be6 9. g4 Nbd7 10. Qd2 O-O 11. O-O-O b5 12. g5 Nh5 13.
h4 Qc7 14. Nd5 Bxd5 15. exd5 Rfc8 16. Bh3 a5 17. Kb1 Bd8 18. Rhg1 a4 19. Nc1 a3 20. b3 Rcb8 21. Nd3 Nb6 22.
Nb4 Nf4 23. Bxf4 exf4 24. Nc6 Nc4 25. Qxf4 Ne5 26. Nxb8 Rxb8 27. Qe3 Qa5 28. f4 Bb6 29. Qe1 b4 30. fxe5 Bxg1 31. Qxg1 Qc7 32.
Qe3 dxe5 33. d6 Qa5 34. d7 Rd8 35. Re1 f6 36. gxf6 gxf6 37. Rg1+ 1-0

[Event "NJSK 2021 Jeugd C"]
[Site "Almelo, Netherlands"]
[Date "2021.08.02"]
[Round "2.4"]
[White "Kumar, Prayan Sai"]
[Black "Bakija, Alan"]
[Result "0-1"]
[TimeControl "90min + 30sec/move"]
[WhiteElo "1652"]
[BlackElo "1870"]

1. d4 Nf6 2. c4 e6 3. Nf3 d5 4. Nc3 Bb4 5. cxd5 exd5 6. Qa4+ Nc6 7. Bg5 Bd7 8. Qc2 h6 9. Bxf6 Qxf6 10.
e3 g5 11. Be2 Bf5 12. Qb3 O-O-O 13. a3 Bxc3+ 14. Qxc3 g4 15. Nd2 h5 16. Rc1 h4 17. b4 Rd7 18. Bb5 Rd6 19. Ba4 Qe7 20.
Nb3 Be4 21. Rg1 g3 22. hxg3 hxg3 23. f3 Bf5 24. Nc5 Nd8 25. Bc2 Bxc2 26. Rxc2 b6 27. Na6 Rc6 28. Qd3 Rxc2 29. Qxc2 Qxe3+ 30. Kf1 c6 31. b5 Re8 32. Qd1 Qf2# 0-1

[Event "NJSK 2021 Jeugd C"]
[Site "Almelo, Netherlands"]
[Date "2021.08.02"]
[Round "2.5"]
[White "Kumar, Prajit Sai"]
[Black "Ponomarev, Ivan"]
[Result "1-0"]
[TimeControl "90min + 30sec/move"]
[WhiteElo "1811"]
[BlackElo "1723"]

1. d4 Nf6 2. c4 e6 3. Nc3 Bb4 4. Qc2 O-O 5. Nf3 d5 6. cxd5 exd5 7. Bg5 h6 8. Bh4 Be6 9. e3 Nbd7 10. Bd3 c5 11. dxc5 Nxc5 12.
O-O Rc8 13. Rac1 Qe7 14. Rfd1 Rfd8 15. Nb5 a6 16. Nbd4 Nxd3 17. Qxd3 Bg4 18. a3 Bc5 19. Re1 Bxf3 20. Nxf3 Rc7 21.
Red1 Bd6 22. Rxc7 Bxc7 23. Qd4 Rd6 24. Bxf6 Qxf6 25. Qxf6 gxf6 26. Kf1 Kf8 27. Ke2 b5 28. Rc1 Bb6 29.
Rc8+ Ke7 30. Kd3 f5 31. g3 Kd7 32. Rh8 Ke7 33. Rc8 Kd7 34.
Rc2 f4 35. exf4 h5 36. Re2 f6 37. Nd4 Bxd4 38. Kxd4 Kd8 39. h4 Kd7 40. f5 1-0

[Event "NJSK 2021 Jeugd C"]
[Site "Almelo, Netherlands"]
[Date "2021.08.02"]
[Round "2.6"]
[White "Smeets, Kobe"]
[Black "Madularea, David"]
[Result "1-0"]
[TimeControl "90min + 30sec/move"]
[WhiteElo "1897"]
[BlackElo "1656"]

1. e4 c5 2. Nf3 d6 3. d4 cxd4 4. Nxd4 Nf6 5. Nc3 a6 6. h3 e5 7. Nde2 h5 8. Bg5 Be6 9. Bxf6 Qxf6 10.
Nd5 Qd8 11. Qd3 Nd7 12. Nec3 Rc8 13. O-O-O b5 14. Kb1 Qa5 15. a3 Nb6 16. Qe3 Bxd5 17. Nxd5 Nxd5 18. Rxd5 Qd8 19. Bd3 Rc5 20. f4 Qe7 21. Re1 g6 22.
fxe5 dxe5 23. b4 Rxd5 24. exd5 Qc7 25. Qxe5+ Qxe5 26. Rxe5+ Kd7 27. c4 Bd6 28. Re3 bxc4 29. Bxc4 Ra8 30.
Kb2 h4 31. Kb3 a5 32. Bb5+ Kc7 33. Rc3+ Kd8 34. Bc6 Rb8 35. b5 Ke7 36. Re3+ Kd8 37. Ka4 Bc5 38. Re8+ Kc7 39. Rxb8 Kxb8 40.
Kxa5 Bxa3 41. Kb6 g5 42. Bd7 f6 43. Kc6 Be7 44. Bf5 Bb4 45. d6 Ba3 46. Kd7 Bb4 47. Kc6 Ba5 48. b6 Bb4 49.
b7 Ba3 50. Be4 Bb4 51. Kd7 f5 52. Bd5 g4 53. Ke6 gxh3 54. gxh3 f4 55. d7 Ba5 56. Ke7 1-0

[Event "NJSK 2021 Jeugd C"]
[Site "Almelo, Netherlands"]
[Date "2021.08.02"]
[Round "2.7"]
[White "Blom, Rens"]
[Black "Kurt, Sascha"]
[Result "0-1"]
[TimeControl "90min + 30sec/move"]
[WhiteElo "1650"]
[BlackElo "1650"]

1. c4 Nf6 2. Nc3 g6 3. d4 Bg7 4.
e4 d6 5.
Nf3 O-O 6. Be2 e5 7. O-O Nc6 8. d5 Ne7 9. Ne1 Ne8 10. Be3 f5 11. f3 f4 12. Bf2 g5 13. c5 Ng6 14. cxd6 cxd6 15.
a4 a5 16. Qb3 Rf7 17. Rc1 h5 18. Bb6 Qe7 19. Nb5 g4 20. Nc7 Nxc7 21. Rxc7 Qh4 22. Qc3 Rxc7 23. Qxc7 g3 24. Qd8+ Qxd8 25. Bxd8 Bd7 26. Bc7 Bf8 27.
Bb5 Bxb5 28. axb5 a4 29. h3 a3 30. Nd3 axb2 31. Nxb2 Ra3 32. Rc1 Rb3 33. Nc4 Rxb5 34. Nxd6 Rb2 35.
Nc4 Re2 36. Nxe5 Nh4 37. Bb6 Rxg2+ 38. Kf1 Rh2 39. Bg1 Ra2 40. Rb1 Bd6 41. Nc4 Nxf3 42. Rb2 Rxb2 43. Nxb2 Nxg1 44. Kxg1 f3 45.
Nd3 Bc7 46. Ne1 Bb6+ 47. Kf1 g2+ 48. Nxg2 fxg2+ 49. Kxg2 Bc7 50. Kf3 Kf7 51. Ke3 Kf6 52. Kd4 Bd6 53. Kc4 Ke5 54. Kd3 b5 55.
Ke3 Bc5+ 56. Kd3 b4 57. Kc4 Bd6 58. Kd3 b3 59. Kc3 Kxe4 60. Kxb3 Kf3 61. Kc4 Kg3 62. Kd4 0-1

[Event "NJSK 2021 Jeugd C"]
[Site "Almelo, Netherlands"]
[Date "2021.08.02"]
[Round "2.8"]
[White "Krylov, Philippe"]
[Black "Katpatal, Akshaj"]
[Result "0-1"]
[TimeControl "90min + 30sec/move"]
[WhiteElo "1339"]
[BlackElo "1650"]

1. d4 d5 2. c4 c6 3. Nf3 Nf6 4. Nc3 e6 5. e3 Bb4 6.
Qc2 O-O 7. Bd3 h6 8. O-O Nbd7 9. Bd2 Ba5 10. h3 Bc7 11. e4 dxe4 12. Nxe4 Nxe4 13. Bxe4 f5 14. Bd3 Nf6 15. Rad1 Bd7 16.
Rfe1 Qc8 17. Ne5 Bxe5 18. dxe5 Nh5 19. Be2 Be8 20. Bf3 a5 21. a3 f4 22. Bc3 Qc7 23. Bg4 f3 24. Bxf3 Nf4 25.
Bd2 Nxh3+ 26. gxh3 Rxf3 27. Qe4 Qf7 28. Qh4 Qg6+ 29. Kh2 Qf5 30. Re2 Bg6 31. Rg1 Rf8 32. Qg4 Qxg4 33. Rxg4 Rxf2+ 34. Rxf2 Rxf2+ 35. Rg2 Rxg2+ 36. Kxg2 a4 37. c5 Bc2 38. h4 Kf7 39. Kg3 Kg6 40. Kg4 Bd1+ 41. Kf4 Kh5 42. Kg3 g5 43.
hxg5 hxg5 44. Ba5 Kg6 45. Bc7 Kf5 46. Bd6 Ke4 47. Bc7 Kd5 48. Bd6 g4 49. Kf2 Kc4 50. Ke1 Bf3 51. Kd2 g3 52.
Ke1 Kb3 53. Be7 Kxb2 54. Bh4 g2 55. Bf2 Kxa3 56. Kd2 Kb2 57. Bd4+ Kb1 58. Kc3 a3 0-1

[Event "NJSK 2021 Jeugd C"]
[Site "Almelo, Netherlands"]
[Date "2021.08.02"]
[Round "2.9"]
[White "Kien, Lancelot"]
[Black "Ramdien, Steven"]
[Result "1/2-1/2"]
[TimeControl "90min + 30sec/move"]
[WhiteElo "1650"]
[BlackElo "1589"]

1. e4 c5 2. Nf3 d6 3. d4 cxd4 4. Nxd4 Nf6 5. Nc3 a6 6. Be3 b5 7. f3 Bb7 8. Qd2 Nc6 9. O-O-O g6 10.
Be2 Rc8 11. Nb3 Bg7 12. Kb1 Ne5 13. Bh6 O-O 14. h4 b4 15. Nd5 Bxd5 16. exd5 a5 17. g4 Qc7 18. h5 Bxh6 19. Qxh6 Qxc2+ 20. Ka1 Qxe2 21. hxg6 fxg6 22. g5 Qe3 23. Rde1 Nf7 24. Rxe3 Nxh6 25. gxh6 Nxd5 26. Rd3 e6 27. Nxa5 Rf5 28.
b3 Nf4 29. Rxd6 Rxa5 30. Rd7 Rca8 31. Rh2 Rd5 32. Rg7+ Kh8 33. Rh4 Rad8 34. Rc7 g5 35. Rh1 Rd1+ 36. Rxd1 Rxd1+ 37. Kb2 Rd8 38. Rb7 Re8 39. Kc2 Rc8+ 40.
Kd2 Nd5 41. Kd3 Nf4+ 42. Ke4 Nh5 43. Ke5 Re8 44. Rxb4 Kg8 45. Rb7 Ra8 46. a4 Ra5+ 47. Kxe6 Nf4+ 48. Kf6 Nh5+ 49. Ke6 Nf4+ 1/2-1/2

[Event "NJSK 2021 Jeugd C"]
[Site "Almelo, Netherlands"]
[Date "2021.08.02"]
[Round "2.10"]
[White "Pancharajah, Abisan"]
[Black "Lopes, Samuel"]
[Result "1-0"]
[TimeControl "90min + 30sec/move"]
[WhiteElo "1650"]
[BlackElo "1124"]

1. e4 c5 2. Nf3 e6 3. d4 cxd4 4. Nxd4 Nf6 5. Nc3 Nc6 6. Ndb5 Bb4 7. a3 Bxc3+ 8. Nxc3 h6 9. Bd3 d5 10.
f3 O-O 11. O-O a6 12. Qe2 Rb8 13. Rd1 Re8 14. Qf2 b5 15. Bf4 Rb7 16. Ne2 d4 17. c3 dxc3 18. e5 cxb2 19. Rab1 Nd5 20. Qg3 Nxf4 21. Nxf4 Nxe5 22.
Bh7+ Kxh7 23. Rxd8 Rxd8 24. Nh5 Ng6 25. Rxb2 Rbd7 26. h3 Rd5 27. Qc7 R5d7 28. Qc3 e5 29. Ng3 f5 30. Nf1 Rd3 31.
Qa5 R8d4 32. Rd2 Ra4 33.
Qc7 Rc4 34. Qb6 Rxa3 35. Ne3 Rcc3 36. Nd5 Rd3 37. Rxd3 Rxd3 38. Qd8 Nf4 39. Qxc8 Rxd5 40. Qxf5+ Ng6 41. h4 Rd1+ 42. Kh2 Rd6 43.
h5 b4 44. hxg6+ Rxg6 45. Qe4 a5 46. Qxe5 Rb6 47. Qxa5 Rb8 48. Qf5+ Kh8 49. Qe5 Rb6 50. Qc7 Rf6 51. Qb8+ Kh7 52.
Qxb4 h5 53. Qe4+ Kg8 54. Qe8+ Kh7 55. Kg1 Rh6 56. Qe4+ Kg8 57.
Kf2 h4 58. Qg4 Kh7 59. Qh3 Kg8 60. g4 hxg3+ 61. Qxg3 Kh7 62. f4 Kg8 63. Kf3 Kh7 64. f5 Kg8 65. Kf4 Kh7 66. Qd3 Kh8 67.
Kg5 Kg8 68. Qd5+ Kh7 69. Qf7 Kh8 70. Kf4 Kh7 71. Ke5 Kh8 72. Qe6 Kh7 73. Kd6 Rf6 74. Ke7 Rxe6+ 75. fxe6 Kg8 76. Kd7 g5 77.
e7 g4 78. e8=Q+ Kg7 79. Qe5 Kh6 80. Qg3 Kh5 81. Ke6 Kg5 82. Ke5 Kh5 83. Kf6 Kh6 84. Qh4 1-0

[Event "NJSK 2021 Jeugd C"]
[Site "Almelo, Netherlands"]
[Date "2021.08.02"]
[Round "2.11"]
[White "Aravindhan, Achyuth"]
[Black "Sazonov, Fedor"]
[Result "1-0"]
[TimeControl "90min + 30sec/move"]
[WhiteElo "1031"]
[BlackElo "1650"]

1. e4 c5 2. Nf3 d6 3. d4 cxd4 4. Nxd4 Nf6 5. Nc3 g6 6. Bb5+ Bd7 7. Bxd7+ Qxd7 8. O-O Bg7 9. Bg5 O-O 10.
Re1 Nc6 11. Nxc6 Qxc6 12. Nd5 Rfe8 13. c3 Nxd5 14. exd5 Qd7 15. Qd2 Rac8 16. Re4 f6 17. Bh6 Qf5 18. Rae1 Bxh6 19. Qxh6 Qxd5 20.
Rh4 Qf7 21. Re3 g5 22. Rh5 Qg6 23. Qxg6+ hxg6 24. Rhh3 Kg7 25. Re4 Rh8 26. Rxe7+ Kg8 27. Rxh8+ Kxh8 28. Rxb7 d5 29. Rd7 Rb8 30.
b3 Rc8 31. Rxd5 Rxc3 32. g3 Rc7 33. a4 Kg7 34. b4 Kf7 35. Rd6 Ke7 36. Ra6 g4 37. a5 Rb7 38. Kf1 Rxb4 39. Rxa7+ Ke6 40.
a6 Rb2 41. Rb7 Ra2 42. a7 g5 43. Ke1 f5 44. Kd1 Ra5 45. Rb6+ Ke5 46. Rb5+ Rxb5 47. a8=Q Rd5+ 48. Ke2 Rd4 49.
Qe8+ Kd5 50. Qd8+ Ke5 51. Qxg5 Re4+ 52. Kd3 Rd4+ 53. Kc3 Re4 54. Qe7+ Kd5 55. Qd7+ Ke5 56. Qb5+ Kf6 57. Qb6+ Ke5 58.
Qc5+ Kf6 59. Qd6+ Kg5 60. Qd8+ Kg6 61. Qh8 Kf7 62. h4 gxh3 63. Qxh3 Kf6 64. Kd3 Ra4 65. Qh8+ Kg5 66. Qg7+ Kh5 67.
f3 Ra3+ 68. Ke2 Ra2+ 69. Ke3 Ra3+ 70. Kf4 Ra4+ 71. Kxf5 Ra5+ 72. Qe5 Rxe5+ 73. Kxe5 Kg5 74. g4 Kg6 75. f4 Kf7 76. Kf5 Kg7 77. Kg5 Kf7 78. f5 Kg7 79. f6+ Kg8 80.
Kf5 Kf7 81. g5 Kf8 82. g6 Kg8 83. Ke6 Kh8 84. Ke7 Kg8 85. f7+ Kg7 86. f8=Q Kxg6 87. Qf4
Kh5 88. Qg3 1-0

[Event "NJSK 2021 Jeugd C"]
[Site "Almelo, Netherlands"]
[Date "2021.08.02"]
[Round "2.12"]
[White "Zecha, Oscar"]
[Black "Lankheet, Hidde"]
[Result "1-0"]
[TimeControl "90min + 30sec/move"]
[WhiteElo "1650"]
[BlackElo "1000"]

1. d4 d5 2. c4 e6 3. Nf3 c6 4. e3 Bd6 5. b3 Nf6 6. Bb2 Nbd7 7. Bd3 Qc7 8. Nbd2 c5 9. Rc1 b6 10.
O-O h5 11. cxd5 exd5 12. e4 Kf8 13. e5 Be7 14. exf6 Bxf6 15. Re1 b5 16. Ba3 b4 17. Bxb4 Be7 18. Qe2 Qd8 19. dxc5 Rb8 20.
Ba3 Bb7 21. Qxe7+ 1-0